 Dungeon Crawl Stone Soup version 0.23.2 (webtiles) character file.

Game seed: 13036498586063725484

114 Menchi the Chopper (level 4, 0/37 HPs)
             Began as a Ghoul Gladiator on Apr 4, 2019.
             Slain by an orc
             ... wielding a +0 flail
              (2 damage)
             ... on level 4 of the Dungeon.
             The game lasted 00:06:22 (2631 turns).

Menchi the Chopper (Ghoul Gladiator)                Turns: 2631, Time: 00:06:22

Health: 0/37       AC:  4    Str: 17    XL:     4   Next: 97%
Magic:  3/3        EV: 12    Int:  4    God:
Gold:   83         SH:  0    Dex: 10    Spells: 3/3 levels left

rFire    . . .     SeeInvis .   a - +0 war axe
rCold    + . .     Gourm    .   (no shield)
rNeg     + + +     Faith    .   b - +0 leather armour
rPois    ∞         Spirit   .   c - +0 helmet
rElec    .         Reflect  .   (no cloak)
rCorr    .         Harm     .   (no gloves)
MR       .....                  (no boots)
Stlth    +.........             (no amulet)
HPRegen  0.00/turn              (no ring)
MPRegen  0.08/turn              (no ring)

@: rotting, hasted, very quick
A: rotting body, claws 1, carnivore, cold resistance 1, negative energy
resistance 3, inhibited regeneration, torment resistance, unbreathing
a: no special abilities


You were on level 4 of the Dungeon.
You were not hungry.

You visited 1 branch of the dungeon, and saw 4 of its levels.

You collected 83 gold pieces.

Inventory:

Hand Weapons
 a - a +0 war axe (weapon)
Missiles
 d - 3 throwing nets (quivered)
Armour
 b - a +0 leather armour (worn)
 c - a +0 helmet (worn)
Scrolls
 h - 2 scrolls of fear {unknown}
 k - a scroll of identify {unknown}
 l - a scroll of remove curse {unknown}
 m - 3 scrolls of teleportation {unknown}
 p - a scroll of blinking {unknown}
Potions
 e - a potion of degeneration {unknown}
 g - a potion of lignification {unknown}
 i - 3 potions of haste
 j - 2 potions of curing {unknown}
 n - a potion of flight {unknown}
 o - 2 potions of heal wounds {unknown}
 q - a potion of ambrosia {unknown}
Comestibles
 f - 6 rations


   Skills:
 * Level 2.8 Fighting
 * Level 4.2 Axes
 - Level 1.7 Throwing
 * Level 1.7 Armour
 - Level 2.6 Dodging


You had 3 spell levels left.
You didn't know any spells.
Your spell library was empty.

Dungeon Overview and Level Annotations

Branches:
Dungeon (4/15)
 Temple: D:4-7

Altars:
Ru
Sif Muna
Uskayaw
Xom
Yredelemnul


Innate Abilities, Weirdness & Mutations

Your body is rotting away.
You thrive on raw meat.
You are immune to poison.
You have sharp fingernails.
You are carnivorous and can eat meat at any time.
Your flesh is cold resistant. (rC+)
You are immune to negative energy. (rN+++)
You do not regenerate when monsters are visible.
You are immune to unholy pain and torment.
You can survive without breathing.


Message History

The orc closely misses you.
You hit the orc.
You kill the orc!
You closely miss the orc. The orc misses you.
You closely miss the orc. The orc closely misses you.
You barely miss the orc. The orc hits you with a +0 flail.
You barely miss the orc. The orc closely misses you.
You hit the orc but do no damage. The orc hits you with a +0 flail.
* * * LOW HITPOINT WARNING * * *
You hit the orc.
The orc is moderately wounded.
An orc comes into view. It is wielding a +0 flail.
The orc hits you with a +0 flail!
* * * LOW HITPOINT WARNING * * *
The orc moves out of view.
It was a potion of haste.
You feel yourself speed up. The orc misses you.
You hit the orc but do no damage.
The orc is moderately wounded.
The orc hits you with a +0 flail.
You die...

.......##..######
................
#.#....<#########
#...............#
##......#######.#
#.....## #..#.##
#..#.# #. #@# .
#o# #.# #.# #.[
###


You could see an orc.

Vanquished Creatures
  An orc priest (D:3)
  2 oozes
  2 leopard geckos
  5 orcs
  2 giant cockroaches
  5 goblins
  13 hobgoblins
  5 jackals (D:1)
  3 ball pythons
  10 bats
  11 frilled lizards
  4 kobolds
  4 rats
67 creatures vanquished.

Notes
Turn   | Place    | Note
-------+----------+-------------------------------------------
     0 | D:1      | Menchi the Ghoul Gladiator began the quest for the Orb.
     0 | D:1      | Reached XP level 1. HP: 17/17 MP: 0/0
    96 | D:1      | Reached skill level 3 in Axes
   129 | D:1      | Reached XP level 2. HP: 23/24 MP: 1/1
   459 | D:1      | Reached XP level 3. HP: 30/30 MP: 2/2
   884 | D:2      | Found a basalt altar of Yredelemnul.
   886 | D:2      | Found a sacrificial altar of Ru.
   889 | D:2      | Reached skill level 1 in Armour
  1075 | D:2      | Found a hide-covered altar of Uskayaw.
  1487 | D:2      | Found a deep blue altar of Sif Muna.
  1786 | D:3      | Reached XP level 4. HP: 29/37 MP: 3/3
  1870 | D:3      | Reached skill level 4 in Axes
  2182 | D:3      | Found a shimmering altar of Xom.
  2631 | D:4      | Slain by an orc

Skill      XL: |  1  2  3  4 |
---------------+-------------+-----
Axes           | 3 4 |  4.2
Armour         | 1 |  1.7
Fighting       | |  2.8
Throwing       | |  1.7
Dodging        | |  2.6

Action                   |  1- 3 |  4- 6 || total
-------------------------+-------+-------++-------
Melee: War axe           |   161 |    78 ||   239
  Use: Scroll            |     1 |       ||     1
       Potion            |       |     1 ||     1
  Eat: Chunk             |    19 |     3 ||    22
Armor: Leather armour    |    94 |    21 ||   115
Dodge: Dodged            |   187 |    49 ||   236
